 Dungeon Crawl Stone Soup version 0.19-a0-1185-gacb3972 (webtiles) character file.

8652 Gagarin the Geomancer (level 11, -1/61 HPs)
             Began as a Gargoyle Earth Elementalist on Aug 18, 2016.
             Was a High Priest of Sif Muna.
             Slain by a hippogriff (6 damage)
             ... on level 1 of the Lair of Beasts.
             The game lasted 01:03:28 (12962 turns).

Gagarin the Geomancer (GrEE)                       Turns: 12962, Time: 01:03:29

Health: -1/61      AC: 20    Str: 13    XL:     11   Next: 34%
Magic:  13/23      EV: 11    Int: 18    God:    Sif Muna [*****.]
Gold:   665        SH:  0    Dex: 10    Spells: 5 memorised, 10 levels left

rFire  . . .     SeeInvis .     S - +3 morningstar
rCold  + . .     Gourm    +     C - +2 leather armour {rC+}
rNeg   + . .     Faith    .     (no shield)
rPois  ∞         Spirit   .     v - +1 helmet
rElec  +         Dismiss  .     W - +2 cloak
rCorr  +         Reflect  .     u - +0 pair of gloves
MR     .....     Harm     .     h - +0 pair of boots
Stlth  ++........               G - amulet of the gourmand
                                (no ring)
                                f - ring of resist corrosion

@: exhausted, slowed, very slow
A: negative energy resistance 1, electricity resistance, unbreathing,
petrification resistance, rot immunity, AC +7
a: Divine Energy, Channel Magic, Forget Spell, Renounce Religion


You were on level 1 of the Lair of Beasts.
You worshipped Sif Muna.
Sif Muna was extremely pleased with you.
You were very full.

You visited 3 branches of the dungeon, and saw 12 of its levels.

You collected 665 gold pieces.

Inventory:

Hand Weapons
 D - a +0 flail
 S - a +3 morningstar (weapon)
Missiles
 b - 101 stones (quivered)
Armour
 h - a +0 pair of boots (worn)
 p - a +2 robe of magic resistance
 u - a +0 pair of gloves (worn)
 v - a +1 helmet (worn)
 y - a +0 shield
 C - a +2 leather armour of cold resistance (worn)
 W - a +2 cloak (worn)
Jewellery
 f - a ring of resist corrosion (left hand)
 B - an uncursed ring of ice
 G - an amulet of the gourmand (around neck)
 I - an uncursed ring of protection from cold {unknown}
 K - an uncursed amulet of rage
Wands
 w - a wand of lightning (7/15)
 z - a wand of flame (26/48)
 E - a wand of paralysis (12/24)
 L - a wand of random effects (34/48)
 R - a wand of slowing (24/48)
Scrolls
 i - 4 scrolls of remove curse
 j - 2 scrolls of teleportation
 l - 2 scrolls of identify
 m - a scroll of enchant armour
 q - a scroll of silence
 t - a scroll of fog
 H - a scroll of immolation {unknown}
 M - a scroll of recharging {unknown}
 P - a scroll of fear {unknown}
 Q - 2 scrolls of magic mapping
 T - a scroll of acquirement {unknown}
Potions
 g - a potion of berserk rage
 n - a potion of cancellation
 o - a potion of magic
 r - a potion of haste
 x - 3 potions of might
 F - 2 potions of lignification
 J - a potion of resistance
 U - a potion of agility {unknown}
Books
 e - a book of Geomancy

   Spells                             Type                      Level
   a - Sandblast                      Earth                        1
   b - Passwall                       Transmutation/Earth          2
   c - Stone Arrow                    Conjuration/Earth            3
   d - Petrify                        Transmutation/Earth          4
   e - Lee's Rapid Deconstruction     Earth                        5
 N - the Handbook of Lethal Good Luck
   (You found it on level 7 of the Dungeon)

   Spells                             Type                      Level
   a - Mephitic Cloud                 Conjuration/Poison/Air       3
   b - Fulminant Prism                Conjuration/Hexes            4
   c - Excruciating Wounds            Charms/Necromancy            5
   d - Delayed Fireball               Conjuration/Fire             7
 X - Sif Muna's Compendium of the Burning Voyage
   (Sif Muna gifted it to you on level 1 of the Lair of Beasts)

   Spells                             Type                      Level
   a - Ignite Poison                  Fire/Transmutation/Poison    3
   b - Passage of Golubria            Translocation                4
   c - Fireball                       Conjuration/Fire             5
   d - Disjunction                    Translocation                8
Comestibles
 a - 3 slices of pizza
 c - 4 meat rations
 d - 9 bread rations
 s - a royal jelly
 A - 5 fruits
 O - 2 beef jerkies


   Skills:
 - Level 4.0 Fighting
 - Level 4.0 Maces & Flails
 - Level 4.0 Armour
 - Level 1.6 Dodging
 - Level 2.1 Stealth
 + Level 5.1 Shields
 + Level 8.1 Spellcasting
 - Level 4.8 Conjurations
 - Level 6.0 Transmutations
 + Level 11.2 Earth Magic
 + Level 1.2 Poison Magic


You had 10 spell levels left.
You knew the following spells:

 Your Spells              Type           Power        Failure   Level  Hunger
a - Sandblast             Erth           #####.       1%          1    None
b - Stone Arrow           Conj/Erth      #####.       1%          3    #......
c - Petrify               Tmut/Erth      #####...     3%          4    ###....
d - Lee's Rapid Deconstr  Erth           #####.....   3%          5    #####..
e - Mephitic Cloud        Conj/Pois/Air  ##......     17%         3    #......


Dungeon Overview and Level Annotations

Branches:
Dungeon (10/15)            Temple (1/1) D:5            Lair (1/6) D:10
    Orc: D:9-12

Altars:
Ashenzari
Cheibriados
Dithmenos
Elyvilon
Fedhas
Gozag
Hepliaklqana
Kikubaaqudgha
Makhleb
Nemelex Xobeh
Okawaru
Qazlal
Ru
Sif Muna
Trog
Uskayaw
Vehumet
Xom
Zin
The Shining One

Annotations:
D:4 exclusion: statue, Dirtsage's ghost, amateur DsFi; Sigmund
Lair:1 Harold


Innate Abilities, Weirdness & Mutations

You are resistant to torment.
Your stone body is resilient. (AC +7)
You are immune to poison.
You resist negative energy. (rN+)
You are resistant to electric shocks. (rElec)
You can survive without breathing.
You are immune to petrification.
You are immune to rotting.


Message History

The hippogriff claws you but does no damage.
Harold hits you but does no damage.
The hippogriff bites you but does no damage.
The hippogriff pecks you but does no damage.
The hippogriff claws you but does no damage.
The blink frog blinks!
All of the chunks of flesh in your inventory have rotted away.
The blink frog closely misses you.
The blink frog hits you but does no damage.
The hippogriff misses you. The hippogriff closely misses you.
The hippogriff claws you.
* * * LOW HITPOINT WARNING * * *
Harold hits you from afar with a glaive.
* * * LOW HITPOINT WARNING * * *
The blink frog blinks!
The blink frog blinks!
The blink frog blinks!
The hippogriff closely misses you.
The hippogriff pecks you but does no damage.
The hippogriff claws you.
You die...

.. #.+# . ####..#
#.....### #####
##.#.#...### ....#
##..........###
...####.............#
......#P....F..@..#.#
...#............H.#
...##.##.......§@.#
###########..###.## #
#####..# ###.##
##P#..# # ####....##
. ##.##'#.#.# .#
#........##
#####.#### ##.......#
#........#


You could see Harold, a hippogriff and a blink frog.

Vanquished Creatures
  Erica (D:10)
  A death yak (D:10)
  A spiny frog (Lair:1)
  2 blink frogs (Lair:1)
  8 yaks (D:10)
  A spriggan (D:6)
  2 wyverns
  3 hippogriffs
  A hungry ghost (D:9)
  2 water moccasins
  A porcupine (Lair:1)
  4 ice beasts
  2 phantoms
  A wasp (D:10)
  2 orc warriors
  2 sky beasts (D:8)
  An ogre (D:6)
  2 centaurs
  A necrophage (D:9)
  2 crocodiles (Lair:1)
  Blork the orc (D:4)
  4 giant frogs
  A wyvern skeleton (D:6)
  A scorpion (D:8)
  8 wights
  4 killer bees (D:5)
  2 howler monkeys (D:7)
  4 crimson imps
  2 centaur zombies
  2 giant frog zombies (D:5)
  2 jellies (D:8)
  6 orc priests
  A giant frog skeleton (D:9)
  12 hounds
  2 iguanas
  Natasha (twice) (D:4)
  12 orc wizards
  7 worker ants
  A sheep (D:10)
  A hound skeleton (D:4)
  A worker ant zombie (D:6)
  4 gnolls (D:8)
  11 adders
  An ooze (D:1)
  An adder zombie (D:9)
  4 adder skeletons
  2 worms
  2 dart slugs
  7 giant geckos
  35 orcs
  13 giant cockroaches
  4 goblins
  6 hobgoblins
  12 jackals
  6 quokkas
  8 bats
  A giant cockroach zombie (D:6)
  3 giant newts
  A jackal skeleton (D:2)
  7 kobolds
  A quokka skeleton (D:4)
  4 rats
249 creatures vanquished.

Notes
Turn   | Place    | Note
-------+----------+-------------------------------------------
     0 | D:1      | Gagarin the Gargoyle Earth Elementalist began the quest for the Orb.
     0 | D:1      | Reached XP level 1. HP: 10/10 MP: 3/3
   188 | D:1      | Reached XP level 2. HP: 15/15 MP: 1/5
   597 | D:1      | Reached skill level 4 in Earth Magic
   644 | D:1      | Reached XP level 3. HP: 19/19 MP: 2/7
   826 | D:1      | Learned a level 3 spell: Stone Arrow
  1228 | D:2      | Reached skill level 1 in Armour
  1229 | D:2      | Reached XP level 4. HP: 24/24 MP: 5/8
  1699 | D:3      | Found a sacrificial altar of Ru.
  2265 | D:3      | Reached XP level 5. HP: 26/28 MP: 0/10
  2516 | D:4      | Noticed Dirtsage's ghost (amateur DsFi)
  3003 | D:3      | Reached skill level 5 in Earth Magic
  3441 | D:4      | Noticed Blork the orc
  3457 | D:4      | Found a hazy altar of Hepliaklqana.
  3471 | D:4      | Killed Blork the orc
  3471 | D:4      | Reached skill level 1 in Conjurations
  3471 | D:4      | Reached XP level 6. HP: 27/32 MP: 1/11
  3743 | D:4      | Found a radiant altar of Vehumet.
  3926 | D:4      | Noticed Sigmund
  4195 | D:4      | Noticed Natasha
  4203 | D:4      | Killed Natasha
  4360 | D:4      | Noticed Natasha
  4484 | D:4      | Found a hide-covered altar of Uskayaw.
  4531 | D:4      | Killed Natasha
  4594 | D:5      | Entered Level 5 of the Dungeon
  4594 | D:5      | Noticed an ice beast
  4603 | D:5      | Killed an ice beast
  4603 | D:5      | Reached skill level 6 in Earth Magic
  4603 | D:5      | Reached XP level 7. HP: 21/36 MP: 6/12
  4843 | D:5      | Reached skill level 1 in Maces & Flails
  5311 | D:5      | Found a staircase to the Ecumenical Temple.
  5332 | Temple   | Entered the Ecumenical Temple
  5443 | Temple   | Became a worshipper of Sif Muna the Loreminder
  5505 | D:5      | Reached XP level 8. HP: 41/41 MP: 1/13
  5733 | D:5      | Found a glowing golden altar of the Shining One.
  5835 | D:5      | Reached skill level 1 in Fighting
  7182 | D:6      | Learned a level 4 spell: Petrify
  7259 | D:6      | Reached skill level 1 in Transmutations
  7351 | D:7      | Reached skill level 7 in Earth Magic
  7501 | D:7      | Reached * piety under Sif Muna
  7501 | D:7      | Reached XP level 9. HP: 40/51 MP: 3/16
  7589 | D:7      | Reached skill level 5 in Spellcasting
  7978 | D:7      | Found a sparkling altar of Nemelex Xobeh.
  8124 | D:7      | Identified the Handbook of Lethal Good Luck
  8271 | D:8      | Reached ** piety under Sif Muna
  8404 | D:7      | Reached skill level 8 in Earth Magic
  9587 | D:8      | Reached *** piety under Sif Muna
  9589 | D:8      | Reached skill level 9 in Earth Magic
  9600 | D:8      | Learned a level 5 spell: Lee's Rapid Deconstruction
  9804 | D:8      | Reached XP level 10. HP: 56/56 MP: 0/19
 11007 | D:10     | Entered Level 10 of the Dungeon
 11011 | D:10     | Reached **** piety under Sif Muna
 11011 | D:10     | Reached skill level 1 in Shields
 11195 | D:10     | Reached skill level 10 in Earth Magic
 11196 | D:10     | Reached skill level 5 in Transmutations
 11576 | D:10     | Noticed Erica
 11584 | D:10     | Killed Erica
 11626 | D:10     | Found a staircase to the Lair.
 11630 | D:10     | Noticed a death yak
 11667 | D:10     | Killed a death yak
 11667 | D:10     | Reached XP level 11. HP: 32/61 MP: 18/22
 12037 | D:10     | Learned a level 3 spell: Mephitic Cloud
 12307 | D:10     | Reached skill level 11 in Earth Magic
 12571 | Lair:1   | Entered Level 1 of the Lair of Beasts
 12770 | Lair:1   | Reached skill level 1 in Poison Magic
 12909 | Lair:1   | Reached ***** piety under Sif Muna
 12909 | Lair:1   | Identified Sif Muna's Compendium of the Burning Voyage (Sif Muna gifted it to you on level 1 of the Lair of Beasts)
 12909 | Lair:1   | Received a gift from Sif Muna
 12909 | Lair:1   | Reached skill level 5 in Shields
 12917 | Lair:1   | Noticed Harold
 12955 | Lair:1   | HP: 3/61 [blink frog (7)]
 12962 | Lair:1   | Slain by a hippogriff

Vault maps used:
D:1:      moated_graveyard_arrival
D:2:      first_bread
D:3:      nicolae_ru_path_of_blood
D:4:      marbit_many_paths, vehumet_statue, grunt_temple_overflow_holy_war,
          old_standard_altar, uniq_sigmund, uniq_natasha, uniq_blork_the_orc
D:5:      basic_altar
D:7:      overflow_temple_1_default, minmay_misc_feat_five, the_bakery
D:9:      uniq_erolcha
D:10:     dpeg_lair_monsters, nicolae_sextant, uniq_erica
Temple:   regret_index_temple_waves
Lair:1:   basic_altar, grunt_megastairs_2, uniq_harold

Skill      XL: |  1  2  3  4  5  6  7  8  9 10 11 |
---------------+----------------------------------+-----
Earth Magic    | 4 5 6 7 9 10 11 | 11.2
Spellcasting   | 3 4 6 7 8 |  8.1
Armour         | 1 2 3 4 |  4.0
Conjurations   | 1 2 4 |  4.8
Maces & Flails | 3 4 |  4.0
Fighting       | 3 4 |  4.0
Transmutations | 1 4 5 6 |  6.0
Shields        | 4 5 |  5.1
Poison Magic   | 1 |  1.2
Dodging        | |  1.6
Stealth        | |  2.1

Action                   |  1- 3 |  4- 6 |  7- 9 | 10-12 || total
-------------------------+-------+-------+-------+-------++-------
Melee: Unarmed           |     1 |       |       |       ||     1
       Club              |    21 |    20 |    10 |       ||    51
       Flail             |       |       |   116 |    52 ||   168
       Morningstar       |       |       |       |    36 ||    36
 Cast: Sandblast         |    45 |   134 |   185 |    32 ||   396
       Stone Arrow       |       |       |    71 |    75 ||   146
       Lee's Rapid Decon |       |       |     2 |    19 ||    21
       Petrify           |       |       |       |     3 ||     3
  Use: Scroll            |       |     4 |     5 |     8 ||    17
       Potion            |       |       |     3 |     7 ||    10
  Eat: Chunk             |     1 |     5 |    28 |    20 ||    54
       Meat ration       |       |     1 |       |       ||     1
       Beef jerky        |       |       |     1 |       ||     1
Armor: Robe              |    14 |    11 |       |       ||    25
       Leather armour    |     7 |    34 |   184 |   119 ||   344
Dodge: Dodged            |    30 |    56 |   181 |   106 ||   373
